[ PARTIDA AOE2 · #483435192 ]
Team RMTártaros vs Jurchens
[ ANÁLISIS DE REPETICIÓN · EXTRAÍDO DE LA PARTIDA GRABADA ]
Feudal
10:31
Castillos
14:36
Imperial
30:03
| APM promedio | 39.3 |
| APM pico | 87 |
| eAPM promedio | 24.7 |
| Aldeanos / militares | 149 / 104 |
Foco
⚔️ 24.1% · 🌾 75.9%
Cavalry Archer ×49 · Keshik ×47 · Trade Cart ×36 · Archer ×4 · Skirmisher ×2 · Petard ×1
Feudal
10:24
Castillos
15:34
Imperial
29:28
| APM promedio | 46.5 |
| APM pico | 72 |
| eAPM promedio | 24.9 |
| Aldeanos / militares | 175 / 117 |
Foco
⚔️ 24.4% · 🌾 75.6%
Chu Ko Nu ×117
Feudal
11:13
Castillos
14:51
Imperial
30:21
| APM promedio | 30.1 |
| APM pico | 76 |
| eAPM promedio | 17.3 |
| Aldeanos / militares | 160 / 84 |
Foco
⚔️ 18.5% · 🌾 81.5%
Mameluke ×50 · Camel Scout ×33 · Trade Cart ×12 · Monk ×1
Feudal
10:09
Castillos
19:23
Imperial
31:15
| APM promedio | 32.6 |
| APM pico | 89 |
| eAPM promedio | 17.0 |
| Aldeanos / militares | 142 / 103 |
Foco
⚔️ 32.5% · 🌾 67.5%
Knight ×85 · Battering Ram ×9 · Spearman ×5 · Trebuchet (Packed) ×3 · Monk ×1
Feudal
8:58
Castillos
21:21
Imperial
33:39
| APM promedio | 37.2 |
| APM pico | 78 |
| eAPM promedio | 20.5 |
| Aldeanos / militares | 137 / 46 |
Foco
⚔️ 19.8% · 🌾 80.2%
Knight ×40 · Trade Cart ×8 · Scout Cavalry ×3 · Monk ×2 · Spearman ×1
Feudal
10:10
Castillos
15:27
Imperial
31:49
| APM promedio | 33.1 |
| APM pico | 96 |
| eAPM promedio | 19.2 |
| Aldeanos / militares | 170 / 94 |
Foco
⚔️ 26.5% · 🌾 73.5%
Knight ×49 · Conquistador ×43 · Missionary ×1 · Scout Cavalry ×1
Feudal
11:32
Castillos
15:34
Imperial
30:15
| APM promedio | 29.3 |
| APM pico | 66 |
| eAPM promedio | 17.5 |
| Aldeanos / militares | 121 / 122 |
Foco
⚔️ 19.8% · 🌾 80.2%
Knight ×112 · Battering Ram ×10
Feudal
10:19
Castillos
18:19
Imperial
32:46
| APM promedio | 35.7 |
| APM pico | 112 |
| eAPM promedio | 22.2 |
| Aldeanos / militares | 140 / 13 |
Foco
⚔️ 37.5% · 🌾 62.5%
Unknown (1908) ×95 · Scout Cavalry ×9 · Petard ×2 · Monk ×1 · Trade Cart ×1 · Trebuchet (Packed) ×1
Mapa de la partida
Recursos iniciales + cada clic de construcción. Líneas = muros · curvas = relieve. ◆ oro · ⬟ piedra · ● bayas · ✦ reliquia · ◌ hueco del cierre
Tu base· Abierta — flanco sin cerrar
Base de thedungsps· ✓ Cerrada en 15:34 · 41t muro · 1 puerta(s)
Base de Jaime· Abierta — flanco sin cerrar
Base de Banik1922· ✓ Cerrada en 19:23 · 11t muro · sin puerta
Base de Killua· Abierta — flanco sin cerrar
Base de tona1410· ✓ Cerrada en 15:27 · 5t muro · sin puerta
Base de B00P· Abierta — flanco sin cerrar
Base de Doorknob IQ· ✓ Cerrada en 18:19 · 34t muro · 1 puerta(s)
Terreno inicial suavizado · ◌ = hueco del cierre detectado · pasá el cursor para detalles
Inputs por minuto
— fireball - - thedungsps
Build order — fireball
Primeras 150 de 483 acciones detectadas
| 0:01 | Crear | Villager (Male) |
| 0:01 | Crear | Villager (Male) |
| 0:02 | Construir | House |
| 0:03 | Construir | House |
| 0:16 | Crear | Villager (Male) |
| 0:23 | Crear | Villager (Male) |
| 1:30 | Crear | Villager (Male) |
| 2:04 | Crear | Villager (Male) |
| 2:04 | Crear | Villager (Male) |
| 2:24 | Crear | Villager (Male) |
| 2:26 | Construir | Lumber Camp |
| 2:37 | Crear | Villager (Male) |
| 3:11 | Crear | Villager (Male) |
| 3:41 | Crear | Villager (Male) |
| 3:51 | Crear | Villager (Male) |
| 3:55 | Construir | House |
| 3:56 | Construir | House |
| 4:08 | Crear | Villager (Male) |
| 4:32 | Construir | Palisade Wall |
| 4:32 | Construir | Palisade Wall |
| 4:48 | Crear | Villager (Male) |
| 4:55 | Construir | Mill |
| 5:13 | Crear | Villager (Male) |
| 5:30 | Crear | Villager (Male) |
| 6:03 | Construir | House |
| 6:07 | Construir | Palisade Wall |
| 6:08 | Crear | Villager (Male) |
| 6:30 | Crear | Villager (Male) |
| 6:53 | Construir | Palisade Wall |
| 7:00 | Crear | Villager (Male) |
| 7:17 | Crear | Villager (Male) |
| 7:18 | Crear | Villager (Male) |
| 7:52 | Construir | Palisade Wall |
| 7:57 | Investigar | Feudal Age |
| 8:00 | Construir | Mining Camp |
| 8:57 | Construir | House |
| 9:01 | Construir | Palisade Wall |
| 9:39 | Crear | Villager (Male) |
| 9:40 | Crear | Villager (Male) |
| 10:31 | Edad | Edad Feudal |
| 10:34 | Construir | Market |
| 11:00 | Construir | Blacksmith |
| 11:03 | Construir | Palisade Wall |
| 11:10 | Crear | Villager (Male) |
| 11:26 | Investigar | Double-Bit Axe |
| 11:26 | Investigar | Double-Bit Axe |
| 11:49 | Construir | House |
| 11:51 | Construir | Palisade Wall |
| 11:56 | Investigar | Castle Age |
| 11:56 | Investigar | Castle Age |
| 12:18 | Investigar | Horse Collar |
| 12:18 | Investigar | Horse Collar |
| 12:26 | Construir | House |
| 12:26 | Construir | House |
| 13:15 | Crear | Villager (Male) |
| 13:16 | Crear | Villager (Male) |
| 14:36 | Edad | Edad de los Castillos |
| 14:37 | Construir | Town Center |
| 14:40 | Construir | Town Center |
| 14:50 | Investigar | Bow Saw |
| 15:13 | Investigar | Heavy Plow |
| 15:47 | Crear | Villager (Male) |
| 15:47 | Crear | Villager (Male) |
| 16:01 | Construir | Farm |
| 16:02 | Crear | Villager (Male) |
| 16:11 | Crear | Villager (Male) |
| 16:16 | Crear | Villager (Male) |
| 16:30 | Crear | Villager (Male) |
| 16:30 | Crear | Villager (Male) |
| 16:32 | Crear | Villager (Male) |
| 16:46 | Crear | Villager (Male) |
| 17:04 | Crear | Villager (Male) |
| 17:05 | Crear | Villager (Male) |
| 17:08 | Construir | Farm |
| 17:14 | Crear | Villager (Male) |
| 17:24 | Crear | Villager (Male) |
| 17:31 | Construir | Farm |
| 17:34 | Construir | Farm |
| 17:35 | Crear | Villager (Male) |
| 17:37 | Crear | Villager (Male) |
| 17:42 | Construir | Farm |
| 17:46 | Construir | Farm |
| 17:48 | Construir | Farm |
| 17:52 | Construir | Farm |
| 17:54 | Crear | Villager (Male) |
| 17:54 | Crear | Villager (Male) |
| 18:02 | Construir | Farm |
| 18:08 | Construir | Farm |
| 18:09 | Crear | Villager (Male) |
| 18:12 | Construir | Farm |
| 18:18 | Crear | Villager (Male) |
| 18:19 | Crear | Villager (Male) |
| 18:22 | Construir | Farm |
| 18:25 | Construir | Farm |
| 18:33 | Crear | Villager (Male) |
| 18:35 | Construir | Farm |
| 18:38 | Crear | Villager (Male) |
| 18:39 | Crear | Villager (Male) |
| 18:43 | Construir | Farm |
| 18:48 | Crear | Villager (Male) |
| 18:57 | Crear | Villager (Male) |
| 19:01 | Construir | Farm |
| 19:03 | Construir | Farm |
| 19:14 | Investigar | Loom |
| 19:16 | Construir | Farm |
| 19:17 | Crear | Villager (Male) |
| 19:17 | Crear | Villager (Male) |
| 19:23 | Construir | Farm |
| 19:26 | Construir | Farm |
| 19:27 | Construir | House |
| 19:32 | Crear | Villager (Male) |
| 19:33 | Crear | Villager (Male) |
| 19:35 | Construir | Farm |
| 19:51 | Investigar | Wheelbarrow |
| 19:51 | Investigar | Wheelbarrow |
| 19:56 | Construir | Farm |
| 20:00 | Crear | Villager (Male) |
| 20:04 | Construir | Farm |
| 20:05 | Construir | House |
| 20:14 | Construir | Farm |
| 20:17 | Crear | Villager (Male) |
| 20:17 | Crear | Villager (Male) |
| 20:25 | Construir | Town Center |
| 20:30 | Crear | Villager (Male) |
| 20:32 | Crear | Villager (Male) |
| 20:39 | Construir | Farm |
| 20:42 | Crear | Villager (Male) |
| 20:47 | Construir | House |
| 20:51 | Construir | House |
| 20:53 | Construir | House |
| 20:55 | Construir | House |
| 20:59 | Crear | Villager (Male) |
| 21:01 | Crear | Villager (Male) |
| 21:01 | Crear | Villager (Male) |
| 21:15 | Investigar | Gold Mining |
| 21:16 | Investigar | Gold Mining |
| 21:19 | Construir | Farm |
| 21:26 | Crear | Villager (Male) |
| 21:26 | Crear | Villager (Male) |
| 21:28 | Construir | Farm |
| 21:33 | Crear | Villager (Male) |
| 21:37 | Investigar | Loom |
| 21:38 | Crear | Villager (Male) |
| 21:41 | Construir | Farm |
| 21:50 | Construir | Farm |
| 21:53 | Construir | Farm |
| 21:53 | Crear | Villager (Male) |
| 21:55 | Crear | Villager (Male) |
| 21:57 | Construir | Farm |
| 22:02 | Crear | Villager (Male) |
Build order — thedungsps
Primeras 150 de 407 acciones detectadas
| 0:02 | Investigar | Loom |
| 0:40 | Crear | Villager (Male) |
| 0:40 | Crear | Villager (Male) |
| 1:04 | Crear | Villager (Male) |
| 1:04 | Crear | Villager (Male) |
| 1:34 | Crear | Villager (Male) |
| 1:34 | Crear | Villager (Male) |
| 1:38 | Construir | Lumber Camp |
| 1:50 | Crear | Villager (Male) |
| 1:50 | Crear | Villager (Male) |
| 2:11 | Crear | Villager (Male) |
| 2:12 | Crear | Villager (Male) |
| 2:46 | Crear | Villager (Male) |
| 2:46 | Crear | Villager (Male) |
| 2:59 | Construir | House |
| 3:06 | Crear | Villager (Male) |
| 3:22 | Crear | Villager (Male) |
| 3:22 | Crear | Villager (Male) |
| 3:42 | Construir | Mill |
| 3:50 | Crear | Villager (Male) |
| 3:50 | Crear | Villager (Male) |
| 4:18 | Crear | Villager (Male) |
| 4:19 | Crear | Villager (Male) |
| 4:43 | Crear | Villager (Male) |
| 4:43 | Crear | Villager (Male) |
| 5:06 | Construir | House |
| 5:09 | Crear | Villager (Male) |
| 5:09 | Crear | Villager (Male) |
| 5:10 | Crear | Villager (Male) |
| 5:12 | Crear | Villager (Male) |
| 5:13 | Crear | Villager (Male) |
| 5:50 | Construir | Palisade Wall |
| 5:52 | Crear | Villager (Male) |
| 5:55 | Construir | Palisade Wall |
| 6:39 | Crear | Villager (Male) |
| 6:39 | Crear | Villager (Male) |
| 6:51 | Construir | Palisade Wall |
| 6:58 | Crear | Villager (Male) |
| 7:04 | Construir | Palisade Wall |
| 7:39 | Construir | Mining Camp |
| 8:05 | Investigar | Feudal Age |
| 8:05 | Investigar | Feudal Age |
| 8:27 | Construir | House |
| 8:59 | Construir | House |
| 9:18 | Construir | House |
| 9:50 | Crear | Villager (Male) |
| 9:50 | Crear | Villager (Male) |
| 9:55 | Construir | Mining Camp |
| 10:24 | Edad | Edad Feudal |
| 10:26 | Construir | Blacksmith |
| 10:50 | Construir | Stone Wall |
| 10:56 | Construir | Stone Wall |
| 10:57 | Construir | Stone Wall |
| 11:12 | Construir | Market |
| 11:14 | Crear | Villager (Male) |
| 11:24 | Crear | Villager (Male) |
| 11:48 | Crear | Villager (Male) |
| 12:09 | Crear | Villager (Male) |
| 12:35 | Construir | House |
| 12:44 | Investigar | Castle Age |
| 12:44 | Investigar | Castle Age |
| 13:18 | Investigar | Double-Bit Axe |
| 13:19 | Investigar | Double-Bit Axe |
| 13:42 | Construir | Gate |
| 15:01 | Investigar | Horse Collar |
| 15:01 | Investigar | Horse Collar |
| 15:03 | Construir | Farm |
| 15:05 | Construir | Farm |
| 15:23 | Construir | House |
| 15:28 | Construir | Farm |
| 15:30 | Construir | Farm |
| 15:34 | Edad | Edad de los Castillos |
| 15:38 | Construir | Town Center |
| 15:40 | Crear | Villager (Male) |
| 15:40 | Crear | Villager (Male) |
| 15:47 | Construir | Farm |
| 15:54 | Construir | Farm |
| 16:08 | Construir | Farm |
| 16:15 | Crear | Villager (Male) |
| 16:18 | Investigar | Bow Saw |
| 16:18 | Investigar | Bow Saw |
| 16:18 | Investigar | Bow Saw |
| 16:35 | Construir | Farm |
| 16:45 | Crear | Villager (Male) |
| 17:00 | Construir | Farm |
| 17:03 | Crear | Villager (Male) |
| 17:03 | Crear | Villager (Male) |
| 17:06 | Construir | Farm |
| 17:09 | Construir | Farm |
| 17:21 | Crear | Villager (Male) |
| 17:22 | Crear | Villager (Male) |
| 17:31 | Construir | Farm |
| 17:35 | Construir | Farm |
| 17:36 | Crear | Villager (Male) |
| 17:36 | Crear | Villager (Male) |
| 17:53 | Crear | Villager (Male) |
| 17:53 | Crear | Villager (Male) |
| 18:01 | Construir | Farm |
| 18:02 | Crear | Villager (Male) |
| 18:02 | Crear | Villager (Male) |
| 18:17 | Construir | Farm |
| 18:19 | Crear | Villager (Male) |
| 18:19 | Crear | Villager (Male) |
| 18:28 | Construir | Stone Wall |
| 18:32 | Construir | Farm |
| 18:33 | Crear | Villager (Male) |
| 18:33 | Crear | Villager (Male) |
| 18:36 | Crear | Villager (Male) |
| 18:36 | Crear | Villager (Male) |
| 18:58 | Construir | Town Center |
| 19:04 | Crear | Villager (Male) |
| 19:04 | Crear | Villager (Male) |
| 19:07 | Construir | Farm |
| 19:09 | Crear | Villager (Male) |
| 19:09 | Crear | Villager (Male) |
| 19:09 | Crear | Villager (Male) |
| 19:23 | Construir | Farm |
| 19:25 | Crear | Villager (Male) |
| 19:25 | Crear | Villager (Male) |
| 19:34 | Crear | Villager (Male) |
| 19:34 | Crear | Villager (Male) |
| 19:42 | Crear | Villager (Male) |
| 19:43 | Crear | Villager (Male) |
| 19:54 | Construir | Gate |
| 20:03 | Crear | Villager (Male) |
| 20:03 | Crear | Villager (Male) |
| 20:03 | Crear | Villager (Male) |
| 20:09 | Crear | Villager (Male) |
| 20:09 | Crear | Villager (Male) |
| 20:18 | Crear | Villager (Male) |
| 20:19 | Crear | Villager (Male) |
| 20:22 | Construir | Farm |
| 20:24 | Construir | Farm |
| 20:26 | Construir | Farm |
| 20:28 | Crear | Villager (Male) |
| 20:28 | Crear | Villager (Male) |
| 20:34 | Crear | Villager (Male) |
| 20:34 | Crear | Villager (Male) |
| 20:39 | Construir | Farm |
| 20:44 | Construir | Farm |
| 20:49 | Construir | Farm |
| 20:52 | Construir | Farm |
| 21:00 | Crear | Villager (Male) |
| 21:00 | Crear | Villager (Male) |
| 21:00 | Crear | Villager (Male) |
| 21:01 | Crear | Villager (Male) |
| 21:07 | Crear | Villager (Male) |
| 21:08 | Crear | Villager (Male) |
| 21:08 | Crear | Villager (Male) |
| 21:33 | Construir | Farm |
Build order — Jaime
Primeras 150 de 387 acciones detectadas
| 0:02 | Crear | Villager (Male) |
| 0:02 | Crear | Villager (Male) |
| 0:02 | Crear | Villager (Male) |
| 0:04 | Construir | House |
| 0:05 | Construir | House |
| 0:22 | Crear | Villager (Male) |
| 1:20 | Crear | Villager (Male) |
| 1:45 | Crear | Villager (Male) |
| 1:50 | Construir | Lumber Camp |
| 2:29 | Crear | Villager (Male) |
| 2:57 | Crear | Villager (Male) |
| 3:01 | Construir | House |
| 3:25 | Crear | Villager (Male) |
| 4:00 | Crear | Villager (Male) |
| 4:37 | Crear | Villager (Male) |
| 4:38 | Crear | Villager (Male) |
| 4:55 | Crear | Villager (Male) |
| 5:16 | Crear | Villager (Male) |
| 5:26 | Construir | House |
| 5:51 | Crear | Villager (Male) |
| 5:51 | Crear | Villager (Male) |
| 6:11 | Construir | Mill |
| 6:13 | Crear | Villager (Male) |
| 6:14 | Crear | Villager (Male) |
| 6:47 | Construir | House |
| 6:50 | Construir | Palisade Wall |
| 7:21 | Construir | Palisade Wall |
| 7:54 | Crear | Villager (Male) |
| 8:11 | Crear | Villager (Male) |
| 8:27 | Construir | Mining Camp |
| 9:03 | Investigar | Feudal Age |
| 9:04 | Crear | Villager (Male) |
| 9:04 | Crear | Villager (Male) |
| 10:41 | Construir | Palisade Wall |
| 11:13 | Edad | Edad Feudal |
| 11:21 | Construir | Market |
| 11:23 | Construir | Blacksmith |
| 12:11 | Investigar | Castle Age |
| 12:11 | Investigar | Castle Age |
| 12:35 | Investigar | Double-Bit Axe |
| 13:05 | Investigar | Loom |
| 13:16 | Construir | Farm |
| 13:18 | Construir | Farm |
| 13:36 | Construir | Farm |
| 14:10 | Crear | Villager (Male) |
| 14:23 | Investigar | Horse Collar |
| 14:51 | Edad | Edad de los Castillos |
| 15:02 | Construir | Town Center |
| 15:29 | Construir | Town Center |
| 15:37 | Crear | Villager (Male) |
| 15:45 | Crear | Villager (Male) |
| 15:46 | Crear | Villager (Male) |
| 16:03 | Construir | Farm |
| 16:06 | Investigar | Bow Saw |
| 16:33 | Crear | Villager (Male) |
| 16:46 | Construir | House |
| 16:47 | Construir | House |
| 16:48 | Construir | House |
| 16:48 | Construir | House |
| 16:50 | Construir | House |
| 16:51 | Construir | House |
| 16:53 | Construir | House |
| 16:54 | Construir | House |
| 16:55 | Crear | Villager (Male) |
| 16:55 | Crear | Villager (Male) |
| 16:56 | Crear | Villager (Male) |
| 16:56 | Crear | Villager (Male) |
| 16:57 | Crear | Villager (Male) |
| 17:02 | Construir | Farm |
| 17:23 | Crear | Villager (Male) |
| 17:26 | Construir | Farm |
| 17:29 | Construir | Farm |
| 17:29 | Construir | Farm |
| 17:30 | Construir | Farm |
| 17:46 | Crear | Villager (Male) |
| 17:46 | Crear | Villager (Male) |
| 17:54 | Construir | Farm |
| 17:55 | Construir | Farm |
| 17:55 | Construir | Farm |
| 17:55 | Construir | Farm |
| 17:55 | Construir | Farm |
| 17:59 | Crear | Villager (Male) |
| 18:15 | Construir | Farm |
| 18:21 | Crear | Villager (Male) |
| 18:25 | Construir | Farm |
| 18:25 | Construir | Farm |
| 18:25 | Construir | Farm |
| 18:37 | Crear | Villager (Male) |
| 18:44 | Construir | Farm |
| 18:47 | Construir | Farm |
| 18:56 | Crear | Villager (Male) |
| 18:57 | Crear | Villager (Male) |
| 18:59 | Construir | Farm |
| 19:11 | Construir | Farm |
| 19:16 | Construir | Farm |
| 19:17 | Crear | Villager (Male) |
| 19:17 | Crear | Villager (Male) |
| 19:27 | Crear | Villager (Male) |
| 19:30 | Construir | Farm |
| 19:31 | Construir | Farm |
| 19:35 | Construir | Farm |
| 19:36 | Crear | Villager (Male) |
| 19:44 | Crear | Villager (Male) |
| 19:49 | Crear | Villager (Male) |
| 19:56 | Crear | Villager (Male) |
| 20:05 | Construir | House |
| 20:07 | Construir | House |
| 20:07 | Construir | House |
| 20:09 | Construir | House |
| 20:10 | Construir | House |
| 20:11 | Construir | House |
| 20:12 | Construir | House |
| 20:15 | Construir | House |
| 20:16 | Construir | House |
| 20:18 | Crear | Villager (Male) |
| 20:18 | Crear | Villager (Male) |
| 20:19 | Crear | Villager (Male) |
| 20:28 | Construir | Farm |
| 20:31 | Construir | Farm |
| 20:40 | Crear | Villager (Male) |
| 20:42 | Crear | Villager (Male) |
| 20:47 | Crear | Villager (Male) |
| 20:53 | Construir | House |
| 20:54 | Construir | House |
| 20:55 | Construir | House |
| 20:58 | Crear | Villager (Male) |
| 21:01 | Investigar | Heavy Plow |
| 21:05 | Crear | Villager (Male) |
| 21:07 | Construir | Lumber Camp |
| 21:20 | Crear | Villager (Male) |
| 21:20 | Crear | Villager (Male) |
| 21:25 | Crear | Villager (Male) |
| 21:42 | Crear | Villager (Male) |
| 21:46 | Investigar | Wheelbarrow |
| 21:53 | Construir | Farm |
| 21:53 | Construir | Farm |
| 21:58 | Construir | Farm |
| 22:01 | Crear | Villager (Male) |
| 22:01 | Crear | Villager (Male) |
| 22:03 | Crear | Villager (Male) |
| 22:03 | Crear | Villager (Male) |
| 22:17 | Crear | Villager (Male) |
| 22:28 | Construir | Farm |
| 22:31 | Construir | Farm |
| 22:34 | Crear | Villager (Male) |
| 22:46 | Construir | Lumber Camp |
| 22:54 | Crear | Villager (Male) |
| 22:54 | Crear | Villager (Male) |
| 22:55 | Crear | Villager (Male) |
| 22:56 | Crear | Villager (Male) |
Build order — Banik1922
Primeras 150 de 300 acciones detectadas
| 0:01 | Crear | Villager (Male) ×4 |
| 0:04 | Construir | House |
| 0:08 | Construir | House |
| 1:31 | Crear | Villager (Male) |
| 1:47 | Construir | Lumber Camp |
| 1:54 | Crear | Villager (Male) |
| 2:19 | Crear | Villager (Male) |
| 2:20 | Crear | Villager (Male) |
| 2:41 | Crear | Villager (Male) |
| 3:05 | Crear | Villager (Male) |
| 3:05 | Crear | Villager (Male) |
| 3:34 | Crear | Villager (Male) |
| 3:35 | Crear | Villager (Male) |
| 3:52 | Construir | House |
| 4:01 | Crear | Villager (Male) |
| 4:26 | Crear | Villager (Male) |
| 4:38 | Construir | House |
| 4:40 | Construir | Palisade Wall |
| 4:52 | Crear | Villager (Male) |
| 4:52 | Crear | Villager (Male) |
| 5:15 | Crear | Villager (Male) |
| 5:23 | Crear | Villager (Male) |
| 5:24 | Crear | Villager (Male) |
| 5:33 | Construir | Palisade Wall |
| 5:37 | Construir | Mill |
| 6:28 | Crear | Villager (Male) |
| 6:57 | Crear | Villager (Male) |
| 7:29 | Crear | Villager (Male) |
| 7:38 | Construir | House |
| 7:49 | Investigar | Feudal Age |
| 9:19 | Crear | Villager (Male) |
| 9:19 | Crear | Villager (Male) |
| 9:20 | Crear | Villager (Male) |
| 9:20 | Crear | Villager (Male) |
| 9:20 | Crear | Villager (Male) |
| 9:44 | Construir | House |
| 9:46 | Construir | House |
| 10:09 | Edad | Edad Feudal |
| 10:14 | Construir | Town Center |
| 10:26 | Investigar | Double-Bit Axe |
| 10:29 | Investigar | Horse Collar |
| 11:09 | Construir | Farm |
| 11:15 | Construir | Farm |
| 11:31 | Crear | Villager (Male) |
| 11:31 | Crear | Villager (Male) |
| 11:32 | Crear | Villager (Male) |
| 11:43 | Crear | Villager (Male) ×5 |
| 12:00 | Construir | Farm |
| 12:28 | Construir | House |
| 12:34 | Construir | Farm |
| 12:41 | Construir | Farm |
| 12:45 | Construir | Farm |
| 12:50 | Crear | Villager (Male) ×5 |
| 12:50 | Crear | Villager (Male) ×3 |
| 13:11 | Construir | Farm |
| 13:15 | Construir | Farm |
| 13:25 | Construir | Farm |
| 13:40 | Construir | Farm |
| 13:46 | Construir | Farm |
| 13:55 | Construir | Farm |
| 14:00 | Construir | Farm |
| 14:12 | Construir | House |
| 14:42 | Crear | Villager (Male) ×5 |
| 14:46 | Construir | Blacksmith |
| 14:53 | Construir | House |
| 14:59 | Construir | Farm |
| 15:26 | Construir | Market |
| 15:34 | Construir | Farm |
| 15:44 | Construir | House |
| 15:50 | Construir | House |
| 16:00 | Crear | Villager (Male) |
| 16:04 | Crear | Villager (Male) |
| 16:09 | Construir | Farm |
| 16:15 | Construir | Farm |
| 16:32 | Construir | Barracks |
| 16:42 | Investigar | Castle Age |
| 16:43 | Crear | Villager (Male) |
| 16:44 | Crear | Villager (Male) |
| 16:48 | Construir | Farm |
| 16:53 | Crear | Villager (Male) |
| 17:16 | Crear | Villager (Male) |
| 17:16 | Crear | Villager (Male) |
| 17:16 | Crear | Villager (Male) |
| 17:20 | Construir | House |
| 17:21 | Construir | House |
| 17:22 | Construir | House |
| 17:28 | Construir | Farm |
| 17:34 | Construir | Farm |
| 17:37 | Construir | Farm |
| 17:51 | Construir | Stable |
| 17:52 | Construir | Stable |
| 18:00 | Crear | Villager (Male) |
| 18:00 | Crear | Villager (Male) |
| 18:12 | Construir | Farm |
| 18:14 | Construir | Farm |
| 18:16 | Construir | Farm |
| 18:40 | Investigar | Scale Barding Armor |
| 18:41 | Investigar | Forging |
| 18:55 | Construir | Mining Camp |
| 19:02 | Investigar | Bloodlines |
| 19:07 | Crear | Villager (Male) ×4 |
| 19:14 | Construir | Farm |
| 19:15 | Construir | Farm |
| 19:16 | Construir | Farm |
| 19:23 | Edad | Edad de los Castillos |
| 19:34 | Construir | Town Center |
| 19:47 | Crear | Villager (Male) |
| 19:47 | Crear | Villager (Male) |
| 19:47 | Crear | Villager (Male) |
| 19:48 | Crear | Villager (Male) |
| 19:48 | Crear | Villager (Male) |
| 19:48 | Crear | Villager (Male) |
| 19:49 | Crear | Villager (Male) |
| 19:57 | Construir | Stable |
| 20:04 | Construir | Stable |
| 20:14 | Crear | Villager (Male) |
| 20:14 | Crear | Villager (Male) |
| 20:15 | Crear | Villager (Male) |
| 20:15 | Crear | Villager (Male) |
| 20:32 | Construir | Farm |
| 20:33 | Construir | Farm |
| 20:34 | Construir | Farm |
| 20:40 | Construir | House |
| 20:51 | Investigar | Loom |
| 20:53 | Investigar | Wheelbarrow |
| 21:06 | Construir | House |
| 21:06 | Construir | House |
| 21:22 | Crear | Villager (Male) ×5 |
| 21:26 | Construir | Farm |
| 21:30 | Construir | Farm |
| 21:35 | Investigar | Gold Mining |
| 21:39 | Investigar | Chain Barding Armor |
| 22:02 | Construir | Farm |
| 22:04 | Construir | Farm |
| 22:06 | Crear | Villager (Male) |
| 22:06 | Crear | Villager (Male) |
| 22:28 | Construir | Lumber Camp |
| 22:49 | Construir | Palisade Gate |
| 23:02 | Crear | Knight ×5 |
| 23:02 | Crear | Knight ×5 |
| 23:02 | Crear | Knight |
| 23:05 | Crear | Villager (Male) |
| 23:13 | Construir | Farm |
| 23:14 | Construir | Farm |
| 23:18 | Crear | Villager (Male) |
| 23:22 | Crear | Villager (Male) |
| 23:23 | Crear | Villager (Male) |
| 23:27 | Crear | Villager (Male) |
| 23:29 | Crear | Villager (Male) |
| 23:50 | Construir | Monastery |
Build order — Killua
Primeras 150 de 352 acciones detectadas
| 0:01 | Crear | Villager (Male) |
| 0:02 | Construir | House |
| 0:04 | Construir | House |
| 0:16 | Crear | Villager (Male) |
| 0:23 | Crear | Villager (Male) |
| 0:23 | Crear | Villager (Male) |
| 0:24 | Crear | Villager (Male) |
| 0:24 | Crear | Villager (Male) |
| 1:52 | Crear | Villager (Male) |
| 1:52 | Crear | Villager (Male) |
| 2:12 | Construir | Lumber Camp |
| 2:24 | Crear | Villager (Male) |
| 3:09 | Crear | Villager (Male) |
| 3:09 | Crear | Villager (Male) |
| 3:18 | Construir | House |
| 4:05 | Crear | Villager (Male) |
| 4:13 | Construir | Mill |
| 4:17 | Crear | Villager (Male) |
| 4:31 | Crear | Villager (Male) |
| 4:44 | Crear | Villager (Male) |
| 5:08 | Crear | Villager (Male) |
| 5:17 | Crear | Villager (Male) |
| 5:48 | Crear | Villager (Male) |
| 6:26 | Investigar | Loom |
| 6:55 | Investigar | Feudal Age |
| 8:13 | Construir | Barracks |
| 8:17 | Construir | House |
| 8:45 | Crear | Villager (Male) |
| 8:58 | Edad | Edad Feudal |
| 8:59 | Investigar | Double-Bit Axe |
| 9:02 | Construir | Stable |
| 9:08 | Crear | Villager (Male) |
| 9:17 | Crear | Villager (Male) |
| 9:21 | Construir | House |
| 9:28 | Crear | Villager (Male) |
| 9:44 | Crear | Scout Cavalry |
| 9:57 | Investigar | Horse Collar |
| 10:15 | Crear | Scout Cavalry |
| 10:18 | Crear | Villager (Male) |
| 10:23 | Construir | Farm |
| 10:26 | Construir | Farm |
| 10:34 | Construir | Farm |
| 10:43 | Crear | Villager (Male) |
| 10:55 | Crear | Villager (Male) |
| 10:56 | Crear | Scout Cavalry |
| 11:22 | Construir | Stone Wall |
| 11:26 | Crear | Villager (Male) |
| 11:40 | Crear | Villager (Male) |
| 11:44 | Construir | Mining Camp |
| 12:05 | Investigar | Wheelbarrow |
| 12:10 | Construir | House |
| 12:20 | Crear | Villager (Male) |
| 12:22 | Construir | Farm |
| 12:25 | Construir | Farm |
| 12:27 | Construir | Farm |
| 12:28 | Crear | Villager (Male) |
| 12:32 | Construir | House |
| 12:52 | Crear | Villager (Male) |
| 13:35 | Construir | Stone Wall |
| 13:44 | Construir | Palisade Wall |
| 13:55 | Construir | Lumber Camp |
| 13:59 | Crear | Villager (Male) |
| 14:01 | Construir | Farm |
| 14:25 | Construir | Farm |
| 14:40 | Crear | Villager (Male) |
| 14:52 | Crear | Villager (Male) |
| 15:23 | Crear | Spearman |
| 15:27 | Crear | Villager (Male) |
| 15:29 | Construir | Farm |
| 15:33 | Construir | Farm |
| 16:09 | Crear | Villager (Male) |
| 16:25 | Construir | Mining Camp |
| 16:33 | Crear | Villager (Male) |
| 17:02 | Crear | Villager (Male) |
| 17:05 | Crear | Villager (Male) |
| 17:15 | Investigar | Gold Mining |
| 17:41 | Construir | Lumber Camp |
| 17:50 | Crear | Villager (Male) |
| 18:13 | Construir | Market |
| 18:19 | Investigar | Town Watch |
| 18:44 | Construir | House |
| 18:47 | Construir | House |
| 18:56 | Investigar | Castle Age |
| 19:01 | Construir | Gate |
| 19:40 | Construir | Farm |
| 19:42 | Construir | Farm |
| 20:11 | Construir | House |
| 20:13 | Construir | House |
| 20:16 | Construir | House |
| 21:18 | Crear | Villager (Male) |
| 21:19 | Crear | Villager (Male) |
| 21:21 | Edad | Edad de los Castillos |
| 21:32 | Construir | Town Center |
| 21:38 | Crear | Villager (Male) |
| 21:44 | Construir | Town Center |
| 21:50 | Construir | House |
| 21:51 | Construir | House |
| 21:54 | Construir | Farm |
| 21:55 | Construir | Farm |
| 22:00 | Investigar | Bow Saw |
| 22:03 | Investigar | Heavy Plow |
| 22:11 | Crear | Villager (Male) |
| 22:16 | Construir | House |
| 22:18 | Construir | House |
| 22:21 | Construir | House |
| 22:22 | Construir | House |
| 22:23 | Construir | House |
| 22:28 | Construir | House |
| 22:30 | Construir | House |
| 22:32 | Construir | House |
| 22:35 | Crear | Villager (Male) |
| 22:43 | Investigar | Stone Mining |
| 22:49 | Investigar | Gold Shaft Mining |
| 23:01 | Crear | Villager (Male) |
| 23:02 | Crear | Villager (Male) |
| 23:07 | Crear | Villager (Male) |
| 23:07 | Crear | Villager (Male) |
| 23:08 | Crear | Villager (Male) |
| 23:11 | Construir | Farm |
| 23:11 | Construir | Farm |
| 23:12 | Construir | Farm |
| 23:13 | Construir | Farm |
| 23:22 | Crear | Villager (Male) |
| 23:23 | Crear | Villager (Male) |
| 23:24 | Crear | Villager (Male) |
| 23:24 | Crear | Villager (Male) |
| 23:25 | Crear | Villager (Male) |
| 23:29 | Construir | Farm |
| 23:35 | Construir | Farm |
| 23:43 | Construir | Farm |
| 24:09 | Crear | Villager (Male) |
| 24:11 | Crear | Villager (Male) |
| 24:26 | Construir | Farm |
| 24:27 | Crear | Villager (Male) |
| 24:28 | Crear | Villager (Male) |
| 24:29 | Crear | Villager (Male) |
| 24:34 | Construir | Farm |
| 24:34 | Construir | Farm |
| 24:36 | Construir | Farm |
| 24:48 | Crear | Villager (Male) |
| 24:49 | Crear | Villager (Male) |
| 25:02 | Crear | Villager (Male) |
| 25:02 | Crear | Villager (Male) |
| 25:10 | Crear | Villager (Male) |
| 25:21 | Crear | Villager (Male) |
| 25:21 | Crear | Villager (Male) |
| 25:23 | Crear | Villager (Male) |
| 25:35 | Crear | Villager (Male) |
| 26:01 | Crear | Villager (Male) |
| 26:01 | Crear | Villager (Male) |
Build order — tona1410
Primeras 150 de 449 acciones detectadas
| 0:01 | Crear | Villager (Male) |
| 0:02 | Construir | House |
| 0:04 | Construir | House |
| 0:05 | Crear | Villager (Male) |
| 0:06 | Crear | Villager (Male) |
| 0:06 | Crear | Villager (Male) |
| 0:07 | Crear | Villager (Male) |
| 1:35 | Crear | Villager (Male) |
| 1:47 | Construir | Lumber Camp |
| 1:56 | Crear | Villager (Male) |
| 2:21 | Crear | Villager (Male) |
| 2:49 | Crear | Villager (Male) |
| 2:50 | Crear | Villager (Male) |
| 3:47 | Crear | Villager (Male) |
| 3:58 | Construir | House |
| 4:01 | Crear | Villager (Male) |
| 4:20 | Crear | Villager (Male) |
| 4:35 | Construir | House |
| 4:50 | Crear | Villager (Male) |
| 5:00 | Construir | Mill |
| 5:04 | Crear | Villager (Male) |
| 5:20 | Crear | Villager (Male) |
| 5:57 | Crear | Villager (Male) |
| 6:36 | Crear | Villager (Male) |
| 7:03 | Crear | Villager (Male) |
| 7:29 | Crear | Villager (Male) |
| 7:36 | Construir | Mining Camp |
| 8:00 | Investigar | Feudal Age |
| 9:21 | Construir | Barracks |
| 9:27 | Construir | House |
| 9:30 | Construir | House |
| 9:30 | Construir | House |
| 9:46 | Crear | Villager (Male) |
| 10:00 | Construir | Palisade Wall |
| 10:02 | Construir | Palisade Wall |
| 10:10 | Edad | Edad Feudal |
| 10:13 | Investigar | Double-Bit Axe |
| 10:21 | Crear | Villager (Male) |
| 11:02 | Crear | Villager (Male) |
| 11:21 | Construir | Market |
| 11:29 | Crear | Villager (Male) |
| 11:53 | Construir | Stable |
| 11:57 | Crear | Villager (Male) |
| 12:22 | Investigar | Loom |
| 12:31 | Investigar | Horse Collar |
| 12:40 | Investigar | Castle Age |
| 13:11 | Crear | Villager (Male) |
| 14:31 | Investigar | Bloodlines |
| 14:35 | Construir | Farm |
| 14:35 | Construir | Farm |
| 14:36 | Construir | Farm |
| 14:36 | Construir | Farm |
| 14:39 | Construir | Farm |
| 14:45 | Construir | Farm |
| 14:49 | Construir | House |
| 14:50 | Construir | House |
| 15:24 | Crear | Villager (Male) |
| 15:27 | Edad | Edad de los Castillos |
| 15:38 | Construir | Town Center |
| 15:39 | Crear | Villager (Male) |
| 15:42 | Construir | Town Center |
| 15:51 | Investigar | Bow Saw |
| 15:55 | Crear | Knight |
| 16:19 | Construir | Farm |
| 16:22 | Construir | Farm |
| 16:23 | Construir | Farm |
| 16:26 | Crear | Villager (Male) |
| 16:47 | Construir | Farm |
| 16:55 | Crear | Villager (Male) |
| 17:13 | Crear | Villager (Male) |
| 17:13 | Crear | Villager (Male) |
| 17:15 | Construir | Farm |
| 17:15 | Construir | Farm |
| 17:18 | Construir | Farm |
| 17:21 | Crear | Villager (Male) |
| 17:30 | Construir | Farm |
| 17:43 | Construir | Farm |
| 17:44 | Construir | Farm |
| 17:48 | Crear | Villager (Male) |
| 17:48 | Crear | Villager (Male) |
| 17:48 | Crear | Villager (Male) |
| 17:53 | Construir | Farm |
| 17:55 | Crear | Villager (Male) |
| 17:55 | Crear | Villager (Male) |
| 18:00 | Construir | Farm |
| 18:07 | Crear | Villager (Male) |
| 18:07 | Crear | Villager (Male) |
| 18:13 | Construir | Farm |
| 18:15 | Crear | Villager (Male) |
| 18:16 | Crear | Villager (Male) |
| 18:21 | Construir | Farm |
| 18:27 | Crear | Villager (Male) |
| 18:30 | Construir | Farm |
| 18:34 | Crear | Villager (Male) |
| 18:34 | Crear | Villager (Male) |
| 18:43 | Construir | Farm |
| 18:44 | Crear | Villager (Male) |
| 18:44 | Crear | Villager (Male) |
| 18:54 | Construir | Farm |
| 18:56 | Crear | Villager (Male) |
| 18:56 | Crear | Villager (Male) |
| 19:00 | Construir | Farm |
| 19:01 | Crear | Villager (Male) |
| 19:02 | Crear | Villager (Male) |
| 19:12 | Crear | Villager (Male) |
| 19:13 | Crear | Villager (Male) |
| 19:19 | Construir | Farm |
| 19:21 | Crear | Villager (Male) |
| 19:21 | Crear | Villager (Male) |
| 19:23 | Construir | Farm |
| 19:25 | Crear | Villager (Male) |
| 19:32 | Crear | Villager (Male) |
| 19:32 | Crear | Villager (Male) |
| 19:37 | Construir | Farm |
| 19:40 | Crear | Villager (Male) |
| 19:40 | Crear | Villager (Male) |
| 19:44 | Construir | House |
| 19:49 | Construir | House |
| 19:51 | Crear | Villager (Male) |
| 19:51 | Crear | Villager (Male) |
| 19:56 | Construir | House |
| 20:05 | Crear | Knight |
| 20:10 | Crear | Villager (Male) |
| 20:10 | Crear | Villager (Male) |
| 20:16 | Construir | Lumber Camp |
| 20:21 | Crear | Villager (Male) |
| 20:21 | Crear | Villager (Male) |
| 20:24 | Construir | Farm |
| 20:25 | Construir | Farm |
| 20:29 | Crear | Villager (Male) |
| 20:29 | Crear | Villager (Male) |
| 20:43 | Crear | Villager (Male) |
| 20:45 | Construir | Farm |
| 20:52 | Crear | Villager (Male) |
| 20:52 | Crear | Villager (Male) |
| 20:57 | Crear | Knight |
| 21:07 | Crear | Villager (Male) |
| 21:08 | Crear | Villager (Male) |
| 21:13 | Construir | House |
| 21:14 | Construir | House |
| 21:16 | Construir | House |
| 21:17 | Construir | House |
| 21:19 | Construir | House |
| 21:22 | Crear | Villager (Male) |
| 21:22 | Crear | Villager (Male) |
| 21:32 | Investigar | Heavy Plow |
| 21:44 | Crear | Villager (Male) |
| 21:52 | Construir | Town Center |
| 21:55 | Crear | Villager (Male) |
| 22:00 | Crear | Villager (Male) |
Build order — B00P
Primeras 150 de 346 acciones detectadas
| 0:02 | Crear | Villager (Male) |
| 0:02 | Crear | Villager (Male) |
| 0:02 | Crear | Villager (Male) |
| 0:02 | Crear | Villager (Male) |
| 0:05 | Construir | House |
| 0:07 | Construir | House |
| 1:26 | Crear | Villager (Male) |
| 1:26 | Crear | Villager (Male) |
| 1:49 | Construir | Lumber Camp |
| 1:56 | Crear | Villager (Male) |
| 1:56 | Crear | Villager (Male) |
| 2:38 | Crear | Villager (Male) |
| 3:03 | Crear | Villager (Male) |
| 3:04 | Crear | Villager (Male) |
| 3:10 | Crear | Villager (Male) |
| 3:42 | Crear | Villager (Male) |
| 3:58 | Construir | House |
| 3:59 | Construir | House |
| 4:15 | Crear | Villager (Male) |
| 4:15 | Crear | Villager (Male) |
| 4:25 | Construir | Mill |
| 4:40 | Crear | Villager (Male) |
| 5:04 | Construir | Palisade Wall |
| 5:10 | Crear | Villager (Male) |
| 5:10 | Crear | Villager (Male) |
| 5:54 | Crear | Villager (Male) |
| 5:54 | Crear | Villager (Male) |
| 6:07 | Crear | Villager (Male) |
| 6:07 | Crear | Villager (Male) |
| 6:33 | Crear | Villager (Male) |
| 6:41 | Crear | Villager (Male) |
| 7:07 | Construir | Palisade Wall |
| 7:12 | Construir | Palisade Wall |
| 7:18 | Crear | Villager (Male) |
| 7:42 | Crear | Villager (Male) |
| 7:43 | Investigar | Loom |
| 8:16 | Construir | Mining Camp |
| 8:22 | Construir | House |
| 8:25 | Construir | Palisade Wall |
| 8:57 | Investigar | Feudal Age |
| 8:58 | Investigar | Feudal Age |
| 9:03 | Construir | Farm |
| 9:54 | Construir | House |
| 9:55 | Construir | House |
| 10:40 | Construir | House |
| 10:41 | Construir | House |
| 10:54 | Crear | Villager (Male) |
| 10:55 | Crear | Villager (Male) |
| 11:32 | Edad | Edad Feudal |
| 11:36 | Construir | Market |
| 11:42 | Construir | Blacksmith |
| 11:49 | Construir | Farm |
| 12:01 | Construir | House |
| 12:26 | Crear | Villager (Male) |
| 12:27 | Investigar | Double-Bit Axe |
| 12:28 | Investigar | Double-Bit Axe |
| 12:40 | Construir | House |
| 12:54 | Investigar | Castle Age |
| 12:54 | Investigar | Castle Age |
| 12:58 | Construir | House |
| 13:23 | Construir | House |
| 13:25 | Construir | House |
| 13:29 | Construir | Palisade Wall |
| 13:31 | Construir | Palisade Wall |
| 13:33 | Construir | Palisade Wall |
| 13:38 | Construir | House |
| 13:42 | Construir | Palisade Wall |
| 13:47 | Crear | Villager (Male) |
| 13:47 | Crear | Villager (Male) |
| 14:13 | Construir | House |
| 14:14 | Construir | House |
| 15:14 | Construir | House |
| 15:34 | Edad | Edad de los Castillos |
| 15:37 | Construir | Town Center |
| 15:40 | Investigar | Bow Saw |
| 15:40 | Investigar | Bow Saw |
| 15:50 | Construir | House |
| 15:52 | Construir | House |
| 15:57 | Crear | Villager (Male) |
| 16:10 | Construir | Farm |
| 16:12 | Construir | Farm |
| 16:13 | Construir | Farm |
| 16:17 | Crear | Villager (Male) |
| 16:19 | Investigar | Horse Collar |
| 16:20 | Investigar | Horse Collar |
| 16:32 | Construir | Farm |
| 16:40 | Crear | Villager (Male) |
| 16:47 | Construir | Farm |
| 16:55 | Construir | Farm |
| 16:58 | Crear | Villager (Male) |
| 16:58 | Crear | Villager (Male) |
| 17:16 | Crear | Villager (Male) |
| 17:19 | Construir | Farm |
| 17:22 | Construir | Farm |
| 17:26 | Construir | Farm |
| 17:28 | Crear | Villager (Male) |
| 17:30 | Crear | Villager (Male) |
| 17:35 | Construir | Farm |
| 17:37 | Construir | Farm |
| 17:42 | Crear | Villager (Male) |
| 17:49 | Construir | Farm |
| 18:05 | Crear | Villager (Male) |
| 18:06 | Crear | Villager (Male) |
| 18:10 | Construir | Farm |
| 18:13 | Crear | Villager (Male) |
| 18:18 | Crear | Villager (Male) |
| 18:31 | Construir | Town Center |
| 18:32 | Crear | Villager (Male) |
| 18:33 | Crear | Villager (Male) |
| 18:37 | Construir | Farm |
| 18:49 | Construir | Farm |
| 18:52 | Crear | Villager (Male) |
| 19:01 | Crear | Villager (Male) |
| 19:01 | Crear | Villager (Male) |
| 19:04 | Construir | Farm |
| 19:19 | Construir | Farm |
| 19:20 | Construir | Farm |
| 19:23 | Crear | Villager (Male) |
| 19:29 | Investigar | Wheelbarrow |
| 19:40 | Construir | Farm |
| 19:46 | Construir | Farm |
| 19:53 | Crear | Villager (Male) |
| 19:53 | Crear | Villager (Male) |
| 20:00 | Construir | Farm |
| 20:02 | Construir | Farm |
| 20:03 | Construir | Farm |
| 20:06 | Crear | Villager (Male) |
| 20:06 | Crear | Villager (Male) |
| 20:11 | Construir | Farm |
| 20:20 | Crear | Villager (Male) |
| 20:21 | Construir | Farm |
| 20:35 | Crear | Villager (Male) |
| 20:35 | Crear | Villager (Male) |
| 20:36 | Crear | Villager (Male) |
| 20:48 | Construir | Farm |
| 20:50 | Crear | Villager (Male) |
| 20:53 | Crear | Villager (Male) |
| 20:58 | Construir | Farm |
| 20:59 | Construir | Farm |
| 21:01 | Construir | Farm |
| 21:04 | Construir | Farm |
| 21:06 | Crear | Villager (Male) |
| 21:11 | Crear | Villager (Male) |
| 21:12 | Crear | Villager (Male) |
| 21:14 | Construir | Farm |
| 21:30 | Crear | Villager (Male) |
| 21:31 | Crear | Villager (Male) |
| 21:32 | Crear | Villager (Male) |
| 21:34 | Construir | Farm |
| 21:46 | Construir | House |
Build order — Doorknob IQ
Primeras 150 de 424 acciones detectadas
| 0:01 | Crear | Villager (Male) |
| 0:03 | Construir | House |
| 0:04 | Construir | House |
| 0:18 | Crear | Villager (Male) |
| 0:18 | Crear | Villager (Male) |
| 0:18 | Crear | Villager (Male) |
| 0:19 | Crear | Villager (Male) |
| 1:28 | Crear | Villager (Male) |
| 1:48 | Construir | Lumber Camp |
| 1:51 | Crear | Villager (Male) |
| 2:08 | Crear | Villager (Male) |
| 2:08 | Crear | Villager (Male) |
| 2:43 | Crear | Villager (Male) |
| 3:17 | Crear | Villager (Male) |
| 3:43 | Crear | Villager (Male) |
| 3:43 | Crear | Villager (Male) |
| 4:08 | Crear | Villager (Male) |
| 4:27 | Crear | Villager (Male) |
| 4:28 | Crear | Villager (Male) |
| 4:39 | Construir | House |
| 4:42 | Investigar | Loom |
| 4:43 | Investigar | Loom |
| 4:49 | Crear | Villager (Male) |
| 5:22 | Crear | Villager (Male) |
| 5:37 | Crear | Villager (Male) |
| 5:41 | Construir | Mill |
| 6:02 | Crear | Villager (Male) |
| 6:24 | Construir | House |
| 6:32 | Crear | Villager (Male) |
| 6:44 | Construir | Barracks |
| 6:46 | Crear | Villager (Male) |
| 6:53 | Crear | Villager (Male) |
| 7:02 | Construir | House |
| 7:12 | Construir | Palisade Wall |
| 7:49 | Construir | House |
| 7:51 | Construir | Palisade Wall |
| 7:56 | Construir | House |
| 7:59 | Investigar | Feudal Age |
| 8:00 | Investigar | Feudal Age |
| 8:13 | Construir | Palisade Gate |
| 8:15 | Construir | Palisade Wall |
| 8:29 | Construir | Palisade Wall |
| 8:48 | Construir | Palisade Wall |
| 9:18 | Construir | House |
| 9:35 | Construir | Palisade Wall |
| 10:16 | Crear | Villager (Male) |
| 10:19 | Edad | Edad Feudal |
| 10:47 | Crear | Villager (Male) |
| 10:58 | Crear | Villager (Male) |
| 11:34 | Crear | Villager (Male) |
| 11:37 | Construir | Stable |
| 11:46 | Crear | Villager (Male) |
| 12:01 | Crear | Villager (Male) |
| 12:12 | Construir | Mining Camp |
| 12:18 | Investigar | Double-Bit Axe |
| 12:36 | Crear | Scout Cavalry |
| 12:42 | Crear | Villager (Male) |
| 12:56 | Crear | Villager (Male) |
| 13:11 | Crear | Scout Cavalry |
| 13:11 | Crear | Villager (Male) |
| 13:17 | Construir | Farm |
| 13:32 | Construir | House |
| 13:35 | Construir | Farm |
| 13:38 | Crear | Villager (Male) |
| 13:48 | Construir | House |
| 14:03 | Construir | Palisade Wall |
| 14:09 | Construir | Farm |
| 14:11 | Construir | Farm |
| 14:27 | Crear | Villager (Male) |
| 14:36 | Construir | Market |
| 14:39 | Crear | Villager (Male) |
| 14:48 | Construir | Farm |
| 14:55 | Crear | Scout Cavalry |
| 15:39 | Investigar | Castle Age |
| 15:39 | Investigar | Castle Age |
| 16:17 | Construir | Mining Camp |
| 16:21 | Construir | Farm |
| 16:22 | Investigar | Horse Collar |
| 16:26 | Construir | House |
| 16:47 | Construir | Farm |
| 16:58 | Construir | Farm |
| 17:06 | Investigar | Stone Mining |
| 17:41 | Investigar | Wheelbarrow |
| 17:57 | Construir | Blacksmith |
| 18:12 | Crear | Villager (Male) |
| 18:19 | Edad | Edad de los Castillos |
| 18:23 | Investigar | Light Cavalry (upgrade) |
| 18:36 | Construir | Town Center |
| 18:40 | Crear | Villager (Male) |
| 19:23 | Construir | Town Center |
| 19:25 | Crear | Villager (Male) |
| 19:30 | Crear | Villager (Male) |
| 19:39 | Construir | Town Center |
| 19:46 | Crear | Villager (Male) |
| 20:03 | Crear | Scout Cavalry |
| 20:03 | Crear | Scout Cavalry |
| 20:05 | Construir | House |
| 20:11 | Investigar | Bow Saw |
| 20:15 | Investigar | Town Watch |
| 20:27 | Crear | Villager (Male) |
| 20:40 | Crear | Villager (Male) |
| 20:49 | Investigar | Town Watch |
| 20:55 | Investigar | Heavy Plow |
| 20:57 | Crear | Villager (Male) |
| 21:06 | Crear | Villager (Male) |
| 21:07 | Crear | Villager (Male) |
| 21:27 | Crear | Villager (Male) |
| 21:28 | Crear | Villager (Male) |
| 21:28 | Crear | Villager (Male) |
| 21:31 | Construir | Farm |
| 21:35 | Construir | Farm |
| 21:46 | Construir | Farm |
| 21:55 | Construir | Farm |
| 21:58 | Crear | Villager (Male) |
| 21:59 | Crear | Villager (Male) |
| 22:15 | Construir | Castle |
| 22:20 | Crear | Villager (Male) |
| 22:22 | Construir | Farm |
| 22:24 | Construir | Farm |
| 22:30 | Construir | Farm |
| 22:31 | Crear | Villager (Male) |
| 22:31 | Crear | Villager (Male) |
| 22:31 | Crear | Villager (Male) |
| 22:41 | Crear | Villager (Male) |
| 22:48 | Construir | Farm |
| 22:51 | Construir | Farm |
| 22:53 | Crear | Villager (Male) |
| 22:54 | Crear | Villager (Male) |
| 23:00 | Construir | Farm |
| 23:03 | Crear | Villager (Male) |
| 23:04 | Crear | Villager (Male) |
| 23:16 | Crear | Villager (Male) |
| 23:21 | Construir | Monastery |
| 23:28 | Construir | Farm |
| 23:33 | Crear | Villager (Male) |
| 23:33 | Crear | Villager (Male) |
| 23:44 | Crear | Villager (Male) |
| 23:52 | Construir | Farm |
| 23:56 | Crear | Villager (Male) |
| 23:59 | Construir | Farm |
| 24:02 | Construir | Farm |
| 24:05 | Crear | Monk |
| 24:14 | Construir | Farm |
| 24:15 | Crear | Villager (Male) |
| 24:23 | Construir | Outpost |
| 24:25 | Construir | Outpost |
| 24:32 | Investigar | Gold Mining |
| 24:36 | Construir | Farm |
| 24:37 | Crear | Villager (Male) |
| 24:37 | Crear | Villager (Male) |
Cronología de la partida
| 4:32 | fireball · wall_segment Palisade Wall x1 |
| 4:32 | fireball · wall_segment Palisade Wall x1 |
| 4:40 | Banik1922 · wall_segment Palisade Wall x1 |
| 5:04 | B00P · wall_segment Palisade Wall x13 |
| 5:33 | Banik1922 · wall_segment Palisade Wall x10 |
| 5:50 | thedungsps · wall_segment Palisade Wall x7 |
| 5:55 | thedungsps · wall_segment Palisade Wall x8 |
| 6:07 | fireball · wall_segment Palisade Wall x8 |
| 6:44 | Doorknob IQ · first_building Barracks |
| 6:50 | Jaime · wall_segment Palisade Wall x16 |
| 6:51 | thedungsps · wall_segment Palisade Wall x12 |
| 6:53 | fireball · wall_segment Palisade Wall x6 |
| 7:04 | thedungsps · wall_segment Palisade Wall x1 |
| 7:07 | B00P · wall_segment Palisade Wall x1 |
| 7:12 | B00P · wall_segment Palisade Wall x1 |
| 7:12 | Doorknob IQ · wall_segment Palisade Wall x5 |
| 7:21 | Jaime · wall_segment Palisade Wall x16 |
| 7:51 | Doorknob IQ · wall_segment Palisade Wall x7 |
| 7:52 | fireball · wall_segment Palisade Wall x1 |
| 8:13 | Killua · first_building Barracks |
| 8:15 | Doorknob IQ · wall_segment Palisade Wall x3 |
| 8:25 | B00P · wall_segment Palisade Wall x9 |
| 8:29 | Doorknob IQ · wall_segment Palisade Wall x6 |
| 8:48 | Doorknob IQ · wall_segment Palisade Wall x4 |
| 8:58 | Killua · age_up feudal |
| 9:01 | fireball · wall_segment Palisade Wall x15 |
| 9:02 | Killua · first_building Stable |
| 9:21 | tona1410 · first_building Barracks |
| 9:35 | Doorknob IQ · wall_segment Palisade Wall x9 |
| 10:00 | tona1410 · wall_segment Palisade Wall x4 |
| 10:02 | tona1410 · wall_segment Palisade Wall x1 |
| 10:09 | Banik1922 · age_up feudal |
| 10:10 | tona1410 · age_up feudal |
| 10:19 | Doorknob IQ · age_up feudal |
| 10:24 | thedungsps · age_up feudal |
| 10:31 | fireball · age_up feudal |
| 10:41 | Jaime · wall_segment Palisade Wall x15 |
| 10:50 | thedungsps · wall_segment Stone Wall x7 |
| 10:56 | thedungsps · wall_segment Stone Wall x5 |
| 10:57 | thedungsps · wall_segment Stone Wall x3 |
| 11:03 | fireball · wall_segment Palisade Wall x5 |
| 11:13 | Jaime · age_up feudal |
| 11:22 | Killua · wall_segment Stone Wall x17 |
| 11:32 | B00P · age_up feudal |
| 11:37 | Doorknob IQ · first_building Stable |
| 11:51 | fireball · wall_segment Palisade Wall x1 |
| 11:53 | tona1410 · first_building Stable |
| 13:29 | B00P · wall_segment Palisade Wall x1 |
| 13:31 | B00P · wall_segment Palisade Wall x1 |
| 13:33 | B00P · wall_segment Palisade Wall x1 |
| 13:35 | Killua · wall_segment Stone Wall x27 |
| 13:42 | B00P · wall_segment Palisade Wall x1 |
| 13:44 | Killua · wall_segment Palisade Wall x6 |
| 14:03 | Doorknob IQ · wall_segment Palisade Wall x1 |
| 14:31 | B00P · first_market_buy 100 food |
| 14:36 | fireball · age_up castle |
| 14:51 | Jaime · age_up castle |
| 15:27 | tona1410 · age_up castle |
| 15:34 | B00P · age_up castle |
| 15:34 | thedungsps · age_up castle |
| 16:10 | fireball · first_market_buy 100 food |
| 16:26 | fireball · first_market_sell 100 wood |
| 16:32 | Banik1922 · first_building Barracks |
| 17:45 | Jaime · first_market_buy 100 food |
| 17:51 | Banik1922 · first_building Stable |
| 18:19 | Doorknob IQ · age_up castle |
| 18:28 | thedungsps · wall_segment Stone Wall x14 |
| 19:23 | Banik1922 · age_up castle |
| 19:33 | Doorknob IQ · first_market_buy 500 wood |
| 21:21 | Killua · age_up castle |
| 21:25 | tona1410 · first_market_buy 100 stone |
| 21:47 | thedungsps · wall_segment Stone Wall x17 |
| 22:08 | thedungsps · first_building Castle |
| 22:15 | Doorknob IQ · first_building Castle |
| 22:48 | B00P · wall_segment Stone Wall x18 |
| 23:18 | tona1410 · first_market_sell 100 wood |
| 23:21 | Doorknob IQ · first_building Monastery |
| 23:31 | tona1410 · first_building Monastery |
| 23:44 | B00P · first_building Barracks |
| 23:50 | Banik1922 · first_building Monastery |
| 24:40 | B00P · first_building Stable |
| 24:49 | thedungsps · wall_segment Stone Wall x29 |
| 24:57 | Jaime · first_building Monastery |
| 25:31 | thedungsps · wall_segment Stone Wall x4 |
| 25:33 | thedungsps · wall_segment Stone Wall x7 |
| 25:41 | Banik1922 · first_building Castle |
| 26:07 | Jaime · first_market_sell 100 wood |
| 26:07 | fireball · first_building Monastery |
| 26:18 | B00P · first_building Monastery |
| 26:23 | B00P · first_market_sell 100 food |
| 26:25 | Killua · first_building Monastery |
| 26:30 | thedungsps · wall_segment Stone Wall x1 |
| 26:35 | Killua · wall_segment Stone Wall x27 |
| 26:46 | Killua · wall_segment Stone Wall x21 |
| 26:50 | B00P · wall_segment Stone Wall x13 |
| 27:04 | Killua · wall_segment Stone Wall x16 |
| 27:20 | fireball · first_building Barracks |
| 27:28 | fireball · first_building Castle |
| 27:31 | Doorknob IQ · wall_segment Stone Wall x16 |
| 28:16 | Jaime · first_building Barracks |
| 28:30 | B00P · wall_segment Stone Wall x13 |
| 28:34 | fireball · first_building Stable |
| 28:45 | Doorknob IQ · wall_segment Stone Wall x14 |
| 28:51 | Doorknob IQ · wall_segment Stone Wall x11 |
| 29:15 | Banik1922 · first_building Siege Workshop |
| 29:16 | Jaime · first_building Stable |
| 29:28 | thedungsps · age_up imperial |
| 29:31 | fireball · first_building Archery Range |
| 29:34 | Jaime · first_building Castle |
| 29:43 | tona1410 · first_building Castle |
| 30:03 | fireball · age_up imperial |
| 30:14 | Doorknob IQ · wall_segment Stone Wall x8 |
| 30:15 | B00P · age_up imperial |
| 30:21 | Jaime · age_up imperial |
| 30:31 | Killua · first_building Castle |
| 31:01 | Doorknob IQ · wall_segment Stone Wall x12 |
| 31:15 | Banik1922 · age_up imperial |
| 31:49 | tona1410 · age_up imperial |
| 31:58 | thedungsps · first_market_sell 100 food |
| 31:58 | B00P · wall_segment Stone Wall x23 |
| 32:34 | Doorknob IQ · wall_segment Stone Wall x3 |
| 32:36 | Doorknob IQ · wall_segment Stone Wall x1 |
| 32:46 | Doorknob IQ · age_up imperial |
| 33:33 | thedungsps · wall_segment Stone Wall x12 |
| 33:39 | Killua · age_up imperial |
| 33:41 | B00P · wall_segment Stone Wall x7 |
| 34:46 | thedungsps · first_building Barracks |
| 35:10 | B00P · first_building Siege Workshop |
| 35:34 | B00P · first_building Castle |
| 35:35 | tona1410 · first_building Siege Workshop |
| 35:40 | thedungsps · first_building Archery Range |
| 36:11 | Jaime · wall_segment Stone Wall x21 |
| 36:16 | thedungsps · wall_segment Stone Wall x1 |
| 36:18 | thedungsps · wall_segment Stone Wall x3 |
| 38:18 | Killua · first_market_sell 100 wood |
| 38:21 | Killua · first_market_buy 100 food |
| 38:55 | thedungsps · first_market_buy 100 stone |
| 39:45 | Killua · resign |
[ ANÁLISIS IA · 1 CRÉDITO ]
¿Qué pasó realmente en esta partida?
Wolo.gg analiza cada decisión: build order, eco, micro, errores típicos por bracket. Análisis personalizado por WhatsApp o Discord en 30 segundos.
Guía civ
Tártaros
Guía mapa
Lombardia
Perfil
Jugador #322859